 Dungeon Crawl Stone Soup version 0.28.0-43-g3370ac3207 (webtiles) character file.

Game seed: 2061057943075579305

5 smarlow the Magician (level 1, 0/15 HPs)
             Began as a Djinni Conjurer on Mar 6, 2022.
             Slain by a jackal (2 damage)
             ... on level 1 of the Dungeon.
             The game lasted 00:00:12 (85 turns).

smarlow the Magician (Djinni Conjurer)                Turns: 85, Time: 00:00:13

Health: 0/15       AC:  2    Str:  6    XL:     1   Next: 88%
Gold:   0          EV: 12    Int: 19    God:
                   SH:  0    Dex: 11

rFire   + + .      SeeInvis .   (no weapon)
rCold   x . .      Faith    .   (no shield)
rNeg    . . .      Spirit   .   a - +0 robe
rPois   ∞          Reflect  .   (no helmet)
rElec   .          Harm     .   (no cloak)
rCorr   .          Rampage  .   (no gloves)
Will    .....                   (boots unavailable)
Stlth   ++........              (no amulet)
HPRegen 0.05/turn               (no ring)
MPRegen 0.00/turn               (no ring)

@: flying, very slightly contaminated
A: sickness immunity, fire resistance 2, cold vulnerability 1, float, innate
caster, HP casting, extra vitality 1
a: no special abilities


You were on level 1 of the Dungeon.
You visited 1 branch of the dungeon, and saw 1 of its levels.

Inventory:

Armour
 a - a +0 robe (worn)
Potions
 b - a potion of lignification {unknown}


   Skills:
 - Level 2.1 Dodging
 - Level 1.5 Stealth
 + Level 3.5 Spellcasting


You couldn't memorise any spells.
You knew the following spells:

 Your Spells              Type           Power      Damage    Failure   Level
a - Magic Dart            Conj           64%        1d6       3%          1
b - Searing Ray           Conj           32%        2d5       5%          2
c - Dazzling Flash        Conj/Hex       32%        N/A       11%         3
d - Fulminant Prism       Conj/Hex       8%         3d7       34%         4
e - Iskenderun's Mystic   Conj/Tloc      16%        2d5       34%         4
Your spell library was empty.

Dungeon Overview and Level Annotations

Branches:
Dungeon (1/15)

Altars:


Innate Abilities, Weirdness & Mutations

You are immune to sickness and miasma.
You are immune to poison.
Your flesh is very heat resistant. (rF++)
You are vulnerable to cold. (rC-)
You float through the air rather than walking.
You learn spells naturally, not from books.
Your magical power is your life essence.
You have superior vitality. (+4 MHP)


Message History

There are monsters nearby!
The magic dart hits the bat.
The bat is heavily wounded.
The jackal barks!
The bat hits you. The bat hits you but does no damage.
There are monsters nearby!
The magic dart hits the bat.
You kill the bat!
There are monsters nearby!
The magic dart hits the jackal.
The jackal is heavily wounded.
The jackal closely misses you.
There are monsters nearby!
The magic dart hits the jackal.
The jackal is severely wounded.
The jackal bites you.
There are monsters nearby!
You are too injured to fight recklessly!
There are monsters nearby!
You are too injured to fight recklessly!
You are too injured to fight recklessly!
You are too injured to fight recklessly!
You are too injured to fight recklessly!
Aiming: Magic Dart (safe; 3% risk of failure)
Press: ? - help, Q - select action, (/) - cycle Shift-Dir - straight line, f/p - jackal
Aim: a jackal (severely wounded, 100% to hit)
You miscast Magic Dart.
You are very lightly contaminated with residual magic.
Nothing appears to happen.
The jackal barely misses you. x2
Aiming: Magic Dart (safe; 3% risk of failure)
Press: ? - help, Q - select action, (/) - cycle Shift-Dir - straight line, f/p - jackal
Aim: a jackal (severely wounded, 100% to hit)
The magic dart hits the jackal but does no damage.
The jackal is severely wounded.
* * * LOW HITPOINT WARNING * * *
The jackal barely misses you. The jackal bites you.
* * * LOW HITPOINT WARNING * * *
The jackal bites you.
You die...

#.#....8##.....#
###.#...†........#
................##
###........(....#
###..........## .
##.....##### ...
##...##
.....#########.##
.....hh.@......#
#.#####h########
#.# ###


You could see 3 jackals.

Vanquished Creatures
  2 ball pythons (D:1)
  A bat (D:1)
  A jackal (D:1)
  A frilled lizard (D:1)
5 creatures vanquished.

Notes
Turn   | Place    | Note
-------+----------+-------------------------------------------
     0 | D:1      | smarlow the Djinni Conjurer began the quest for the Orb.
     0 | D:1      | Reached XP level 1. HP: 15/15 MP: 0/0
    85 | D:1      | Slain by a jackal

Illustrated notes

Levels and vault maps discovered:
D:1:      eino_arrival_cavern_d, layout_basic

Action                   || total
-------------------------++-------
 Cast: Magic Dart        ||    11
Armor: Robe              ||     1
Dodge: Dodged            ||     4
